[ AOE2 MATCH · #461913554 ]
UnrankedPortuguese vs None
Player's team · LOSS
Rival team · WIN
[ REPLAY ANALYSIS · EXTRACTED FROM THE RECORDED GAME ]
Feudal
—
Castle
—
Imperial
—
| APM avg | 20.6 |
| APM peak | 253 |
| eAPM avg | 17.8 |
| Villagers / military | 127 / 749 |
Focus
⚔️ 32.2% · 🌾 67.8%
Militia ×214 · Organ Gun ×140 · Hand Cannoneer ×128 · Knight ×114 · Spearman ×82 · Mangonel ×33
Feudal
14:15
Castle
23:23
Imperial
37:38
| APM avg | 9.3 |
| APM peak | 46 |
| eAPM avg | 4.9 |
| Villagers / military | 98 / 334 |
Focus
⚔️ 40.0% · 🌾 60.0%
Samurai ×291 · Spearman ×26 · Trebuchet (Packed) ×12 · Monk ×3 · Scorpion ×1 · Battering Ram ×1
Feudal
—
Castle
—
Imperial
—
| APM avg | 12.0 |
| APM peak | 119 |
| eAPM avg | 9.6 |
| Villagers / military | 239 / 336 |
Focus
⚔️ 25.9% · 🌾 74.1%
Scout Cavalry ×106 · Battle Elephant ×102 · Spearman ×40 · Mangonel ×28 · Scorpion ×24 · Ballista Elephant ×22
Feudal
14:41
Castle
20:45
Imperial
37:55
| APM avg | 11.4 |
| APM peak | 97 |
| eAPM avg | 7.6 |
| Villagers / military | 115 / 168 |
Focus
⚔️ 36.5% · 🌾 63.5%
Urumi Swordsman ×75 · Scout Cavalry ×27 · Spearman ×19 · Battle Elephant ×17 · Elephant Archer ×13 · Bombard Cannon ×8
Feudal
12:50
Castle
28:32
Imperial
47:19
| APM avg | 28.9 |
| APM peak | 91 |
| eAPM avg | 20.0 |
| Villagers / military | 479 / 1047 |
Focus
⚔️ 33.3% · 🌾 66.7%
Spearman ×718 · Leitis ×98 · Knight ×70 · Scorpion ×52 · Trade Cart ×33 · Mangonel ×26
Feudal
—
Castle
—
Imperial
—
| APM avg | 4.6 |
| APM peak | 19 |
| eAPM avg | 3.9 |
| Villagers / military | 105 / 412 |
Focus
⚔️ 33.8% · 🌾 66.2%
Spearman ×214 · Hand Cannoneer ×79 · Knight ×55 · Bombard Cannon ×41 · Trade Cart ×14 · Mangonel ×7
Feudal
13:47
Castle
25:32
Imperial
48:14
| APM avg | 33.0 |
| APM peak | 216 |
| eAPM avg | 24.6 |
| Villagers / military | 192 / 647 |
Focus
⚔️ 35.1% · 🌾 64.9%
Spearman ×256 · Scout Cavalry ×223 · Mangonel ×94 · Scorpion ×56 · Battering Ram ×9 · Bombard Cannon ×7
Feudal
10:52
Castle
14:35
Imperial
47:16
| APM avg | 22.8 |
| APM peak | 150 |
| eAPM avg | 15.6 |
| Villagers / military | 271 / 512 |
Focus
⚔️ 37.3% · 🌾 62.7%
Spearman ×261 · Elephant Archer ×80 · Mangonel ×50 · Scout Cavalry ×50 · Militia ×40 · Monk ×16
Match map
Initial resources + every placement click. Lines = walls · curves = elevation contours. ◆ gold · ⬟ stone · ● berries · ✦ relic · ◌ wall gap
Your base· ✓ Closed at 15:09 · 14t walls · 1 gate(s)
Muffindrake's base· ✓ Closed at 23:23 · 12t walls · no gate
lasha0707's base· Open — unwalled flank
kagerberg's base· ✓ Closed at 20:45 · 21t walls · no gate
Escorpion's base· ✓ Closed at 28:32 · 30t walls · 1 gate(s)
Pif_1978's base· ✓ Closed at 22:19 · 34t walls · no gate
Bacchus's base· Open — unwalled flank
Mowizzz's base· ✓ Closed at 14:35 · 14t walls · 1 gate(s)
Smoothed initial terrain · ◌ = detected wall gap · hover for details
Inputs per minute
— L1v109650 - - Muffindrake
Build order — L1v109650
First 150 of 685 actions detected
| 0:03 | Create | Villager (Male) |
| 0:03 | Create | Villager (Male) |
| 0:03 | Create | Villager (Male) |
| 0:04 | Create | Villager (Male) |
| 0:07 | Build | House |
| 0:09 | Build | House |
| 0:16 | Research | Loom |
| 0:48 | Create | Villager (Male) |
| 1:33 | Create | Villager (Male) |
| 1:33 | Create | Villager (Male) |
| 1:34 | Create | Villager (Male) |
| 1:34 | Create | Villager (Male) |
| 2:27 | Create | Villager (Male) |
| 2:56 | Build | Palisade Wall |
| 3:03 | Build | Palisade Gate |
| 3:12 | Create | Villager (Male) |
| 3:18 | Build | Mill |
| 3:47 | Create | Villager (Male) |
| 4:11 | Create | Villager (Male) |
| 4:36 | Create | Villager (Male) |
| 4:55 | Build | Lumber Camp |
| 4:57 | Create | Villager (Male) |
| 4:57 | Create | Villager (Male) |
| 5:37 | Create | Villager (Male) |
| 6:06 | Create | Villager (Male) |
| 6:07 | Create | Villager (Male) |
| 6:18 | Build | House |
| 6:21 | Build | House |
| 7:04 | Create | Villager (Male) |
| 7:44 | Create | Villager (Male) |
| 8:00 | Build | Mining Camp |
| 8:09 | Create | Villager (Male) |
| 8:58 | Create | Villager (Male) |
| 9:03 | Create | Villager (Male) |
| 9:04 | Create | Villager (Male) |
| 9:05 | Create | Villager (Male) |
| 9:11 | Create | Villager (Male) |
| 11:38 | Research | Feudal Age |
| 13:00 | Build | House |
| 13:02 | Build | House |
| 13:23 | Create | Villager (Male) |
| 13:59 | Build | Market |
| 14:06 | Build | Blacksmith |
| 15:09 | Research | Castle Age |
| 15:48 | Build | Barracks |
| 15:58 | Build | Farm |
| 16:01 | Build | Farm |
| 16:05 | Build | Farm |
| 17:53 | Build | Town Center |
| 17:57 | Build | Town Center |
| 18:18 | Build | Town Center |
| 18:23 | Create | Villager (Male) |
| 18:34 | Create | Villager (Male) |
| 19:14 | Build | Monastery |
| 19:30 | Create | Villager (Male) |
| 19:30 | Create | Villager (Male) |
| 19:31 | Create | Villager (Male) |
| 19:31 | Create | Villager (Male) |
| 20:02 | Build | Stone Wall |
| 20:06 | Build | Gate |
| 20:18 | Create | Monk |
| 20:26 | Build | Farm |
| 20:27 | Create | Villager (Male) |
| 20:29 | Create | Villager (Male) |
| 20:53 | Create | Villager (Male) |
| 21:03 | Create | Villager (Male) |
| 21:06 | Create | Villager (Male) |
| 21:23 | Build | Siege Workshop |
| 21:29 | Create | Monk |
| 21:41 | Build | Farm |
| 21:42 | Build | Farm |
| 21:44 | Build | Farm |
| 21:45 | Build | Farm |
| 21:47 | Create | Villager (Male) |
| 21:48 | Create | Villager (Male) |
| 21:48 | Create | Villager (Male) |
| 22:00 | Create | Villager (Male) |
| 22:30 | Create | Monk |
| 22:40 | Create | Mangonel |
| 22:40 | Create | Mangonel |
| 22:45 | Create | Villager (Male) |
| 22:52 | Build | Farm |
| 22:58 | Create | Villager (Male) |
| 23:29 | Build | Farm |
| 23:34 | Build | Farm |
| 23:36 | Create | Villager (Male) |
| 23:37 | Create | Villager (Male) |
| 23:37 | Create | Villager (Male) |
| 23:48 | Create | Villager (Male) |
| 24:16 | Create | Villager (Male) |
| 24:22 | Build | Farm |
| 24:25 | Build | Farm |
| 24:28 | Build | Farm |
| 24:33 | Create | Villager (Male) |
| 24:34 | Create | Villager (Male) |
| 24:40 | Create | Mangonel |
| 24:46 | Create | Mangonel |
| 24:54 | Create | Villager (Male) |
| 24:54 | Create | Villager (Male) |
| 24:54 | Create | Villager (Male) |
| 25:10 | Build | House |
| 25:11 | Build | House |
| 25:12 | Build | House |
| 25:13 | Build | House |
| 25:14 | Build | House |
| 25:16 | Build | House |
| 25:48 | Create | Villager (Male) |
| 25:48 | Create | Villager (Male) |
| 25:48 | Create | Villager (Male) |
| 25:49 | Create | Villager (Male) |
| 25:49 | Create | Villager (Male) |
| 25:53 | Build | Farm |
| 26:08 | Create | Villager (Male) |
| 26:23 | Build | Archery Range |
| 26:35 | Create | Spearman |
| 26:36 | Create | Spearman |
| 26:36 | Create | Spearman |
| 26:36 | Create | Spearman |
| 26:36 | Create | Spearman |
| 26:41 | Create | Villager (Male) |
| 26:42 | Create | Villager (Male) |
| 26:51 | Build | Farm |
| 26:52 | Build | Farm |
| 26:53 | Build | Farm |
| 26:54 | Build | Farm |
| 26:56 | Build | Farm |
| 26:57 | Build | Farm |
| 27:00 | Create | Villager (Male) |
| 27:00 | Create | Villager (Male) |
| 27:42 | Create | Mangonel |
| 28:13 | Create | Villager (Male) |
| 28:13 | Create | Villager (Male) |
| 28:14 | Create | Villager (Male) |
| 28:14 | Create | Villager (Male) |
| 28:29 | Research | Double-Bit Axe |
| 28:33 | Research | Horse Collar |
| 28:35 | Research | Stone Mining |
| 28:39 | Research | Gold Mining |
| 28:47 | Build | Farm |
| 28:51 | Build | Farm |
| 28:55 | Build | Farm |
| 29:01 | Build | Farm |
| 29:34 | Build | Castle |
| 29:55 | Create | Mangonel |
| 29:57 | Create | Mangonel |
| 30:12 | Create | Spearman |
| 30:12 | Create | Spearman |
| 30:22 | Create | Villager (Male) |
| 30:23 | Create | Villager (Male) |
| 30:23 | Create | Villager (Male) |
Build order — Muffindrake
First 150 of 394 actions detected
| 0:52 | Create | Villager (Male) |
| 0:52 | Create | Villager (Male) |
| 1:46 | Build | House |
| 1:48 | Build | House |
| 2:02 | Create | Villager (Male) |
| 2:03 | Create | Villager (Male) |
| 3:11 | Build | Palisade Wall |
| 3:23 | Create | Villager (Male) |
| 3:23 | Create | Villager (Male) |
| 5:06 | Create | Villager (Male) |
| 5:07 | Create | Villager (Male) |
| 5:07 | Create | Villager (Male) |
| 7:43 | Create | Villager (Male) |
| 7:46 | Create | Villager (Male) |
| 7:47 | Create | Villager (Male) |
| 8:42 | Build | Mill |
| 9:31 | Build | House |
| 9:33 | Build | House |
| 10:33 | Create | Villager (Male) |
| 10:33 | Create | Villager (Male) |
| 11:20 | Build | Barracks |
| 12:05 | Research | Feudal Age |
| 12:40 | Build | Mining Camp |
| 12:59 | Build | Lumber Camp |
| 13:44 | Create | Villager (Male) |
| 13:46 | Create | Villager (Male) |
| 13:47 | Create | Villager (Male) |
| 13:47 | Create | Villager (Male) |
| 13:48 | Create | Villager (Male) |
| 13:48 | Create | Villager (Male) |
| 13:48 | Create | Villager (Male) |
| 14:15 | Age | Feudal Age |
| 14:44 | Research | Wheelbarrow |
| 14:59 | Build | Farm |
| 15:07 | Research | Horse Collar |
| 15:25 | Build | Farm |
| 16:04 | Build | House |
| 16:06 | Build | House |
| 16:29 | Build | Farm |
| 17:25 | Build | Farm |
| 17:45 | Create | Villager (Male) |
| 17:46 | Create | Villager (Male) |
| 17:46 | Create | Villager (Male) |
| 17:46 | Create | Villager (Male) |
| 17:46 | Create | Villager (Male) |
| 18:46 | Build | Archery Range |
| 19:29 | Build | Stable |
| 20:15 | Build | Farm |
| 20:23 | Build | Farm |
| 20:23 | Build | Farm |
| 20:43 | Research | Castle Age |
| 20:57 | Create | Villager (Male) ×3 |
| 21:28 | Build | Mining Camp |
| 21:59 | Build | Lumber Camp |
| 22:18 | Research | Stone Mining |
| 22:42 | Research | Gold Mining |
| 22:50 | Create | Villager (Male) ×4 |
| 23:23 | Age | Castle Age |
| 23:57 | Build | Monastery |
| 24:37 | Create | Monk |
| 24:49 | Research | Double-Bit Axe |
| 25:19 | Build | Castle |
| 25:54 | Create | Monk |
| 26:13 | Build | House |
| 26:15 | Build | House |
| 26:18 | Build | House |
| 26:20 | Build | House |
| 26:24 | Build | House |
| 26:25 | Build | House |
| 27:19 | Research | Town Watch |
| 28:47 | Research | Gold Shaft Mining |
| 28:57 | Create | Villager (Male) ×5 |
| 28:58 | Create | Villager (Male) ×5 |
| 29:12 | Build | Mining Camp |
| 30:55 | Build | University |
| 31:12 | Build | Farm |
| 31:33 | Build | Farm |
| 32:04 | Build | Farm |
| 32:16 | Build | Farm |
| 32:21 | Research | Heavy Plow |
| 32:26 | Build | Farm |
| 32:53 | Build | Farm |
| 33:07 | Build | Town Center |
| 33:33 | Research | Masonry |
| 33:39 | Research | Treadmill Crane |
| 34:28 | Research | Imperial Age |
| 36:18 | Create | Villager (Male) ×5 |
| 36:35 | Research | Husbandry |
| 37:38 | Age | Imperial Age |
| 38:46 | Build | Mining Camp |
| 39:06 | Research | Elite Samurai (upgrade) |
| 39:44 | Build | Castle |
| 40:46 | Build | Blacksmith |
| 41:01 | Create | Villager (Male) ×5 |
| 41:07 | Create | Samurai |
| 41:08 | Create | Samurai |
| 41:08 | Create | Samurai |
| 41:08 | Create | Samurai |
| 41:08 | Create | Samurai |
| 41:11 | Create | Samurai |
| 41:11 | Create | Samurai |
| 41:11 | Create | Samurai |
| 41:11 | Create | Samurai |
| 41:12 | Create | Samurai |
| 41:24 | Research | Forging |
| 42:18 | Build | Mining Camp |
| 42:42 | Build | Stone Wall |
| 42:47 | Build | Stone Wall |
| 43:08 | Build | Outpost |
| 43:18 | Build | Outpost |
| 43:36 | Research | Fortified Wall (upgrade) |
| 43:49 | Research | Ballistics |
| 43:55 | Research | Siege Engineers |
| 44:06 | Build | Siege Workshop |
| 44:09 | Build | Siege Workshop |
| 45:07 | Research | Town Patrol |
| 45:36 | Create | Trebuchet (Packed) |
| 46:03 | Research | Kataparuto |
| 46:05 | Research | Yasama |
| 46:26 | Build | Watch Tower |
| 46:55 | Build | Watch Tower |
| 47:43 | Research | Chemistry |
| 47:45 | Research | Guard Tower (upgrade) |
| 47:55 | Research | Loom |
| 48:11 | Build | Lumber Camp |
| 48:16 | Research | Bow Saw |
| 49:10 | Create | Villager (Male) ×5 |
| 49:25 | Build | House |
| 49:29 | Build | House |
| 49:32 | Build | House |
| 49:34 | Build | House |
| 49:36 | Build | House |
| 49:37 | Build | House |
| 49:38 | Build | House |
| 49:40 | Build | House |
| 49:46 | Build | House |
| 49:47 | Build | House |
| 49:48 | Build | House |
| 50:17 | Build | Mining Camp |
| 50:45 | Research | Hand Cart |
| 51:14 | Build | Farm |
| 51:28 | Build | Market |
| 52:37 | Research | Keep (upgrade) |
| 52:53 | Build | Lumber Camp |
| 53:04 | Research | Fletching |
| 53:16 | Research | Iron Casting |
| 53:41 | Research | Conscription |
| 54:08 | Research | Bodkin Arrow |
| 56:49 | Create | Trebuchet (Packed) |
| 56:58 | Research | Murder Holes |
Build order — lasha0707
First 150 of 526 actions detected
| 0:07 | Build | House |
| 0:09 | Build | House |
| 0:12 | Create | Villager (Male) ×4 |
| 0:12 | Create | Villager (Male) ×4 |
| 1:44 | Create | Villager (Male) |
| 1:44 | Create | Villager (Male) |
| 1:58 | Build | Lumber Camp |
| 2:25 | Create | Villager (Male) |
| 2:26 | Create | Villager (Male) |
| 2:41 | Create | Villager (Male) |
| 2:42 | Create | Villager (Male) |
| 3:12 | Create | Villager (Male) |
| 3:38 | Create | Villager (Male) |
| 3:39 | Create | Villager (Male) |
| 4:02 | Build | Mill |
| 4:20 | Create | Villager (Male) |
| 4:20 | Create | Villager (Male) |
| 4:21 | Create | Villager (Male) |
| 4:53 | Create | Villager (Male) |
| 5:04 | Build | House |
| 5:22 | Create | Villager (Male) |
| 5:30 | Build | House |
| 5:45 | Create | Villager (Male) |
| 6:26 | Build | Lumber Camp |
| 6:37 | Create | Villager (Male) |
| 6:54 | Create | Villager (Male) |
| 7:10 | Create | Villager (Male) |
| 7:33 | Create | Villager (Male) |
| 7:34 | Create | Villager (Male) |
| 7:41 | Build | Mining Camp |
| 7:47 | Create | Villager (Male) |
| 8:55 | Create | Villager (Male) |
| 9:35 | Build | House |
| 9:58 | Research | Feudal Age |
| 11:24 | Build | Mill |
| 11:59 | Create | Villager (Male) |
| 11:59 | Create | Villager (Male) |
| 12:11 | Build | Market |
| 12:16 | Build | Blacksmith |
| 12:42 | Research | Double-Bit Axe |
| 13:46 | Research | Castle Age |
| 14:30 | Research | Double-Bit Axe |
| 15:12 | Build | Gate |
| 15:21 | Build | Stone Wall |
| 15:23 | Build | Stone Wall |
| 15:43 | Research | Gold Mining |
| 15:59 | Build | House |
| 16:02 | Build | House |
| 16:07 | Create | Villager (Male) |
| 16:07 | Create | Villager (Male) |
| 16:28 | Build | Town Center |
| 16:37 | Build | Monastery |
| 17:06 | Build | Farm |
| 17:07 | Build | Farm |
| 17:09 | Build | Farm |
| 17:10 | Build | Farm |
| 17:11 | Build | Farm |
| 17:13 | Build | Farm |
| 17:15 | Build | Farm |
| 17:25 | Research | Horse Collar |
| 17:29 | Create | Monk |
| 17:48 | Create | Villager (Male) ×5 |
| 18:19 | Create | Monk |
| 20:05 | Create | Villager (Male) |
| 20:05 | Create | Villager (Male) |
| 20:05 | Create | Villager (Male) |
| 20:06 | Create | Villager (Male) |
| 20:06 | Create | Villager (Male) |
| 20:16 | Build | Farm |
| 20:17 | Build | Farm |
| 20:20 | Build | Farm |
| 20:41 | Create | Villager (Male) ×2 |
| 20:55 | Build | Town Center |
| 21:25 | Create | Monk |
| 21:41 | Create | Villager (Male) ×4 |
| 21:47 | Build | Farm |
| 21:48 | Build | Farm |
| 22:03 | Build | Stone Wall |
| 23:17 | Research | Wheelbarrow |
| 23:24 | Build | Monastery |
| 23:30 | Build | Farm |
| 23:30 | Build | Farm |
| 23:33 | Build | Farm |
| 23:34 | Build | Farm |
| 23:35 | Build | Farm |
| 23:41 | Create | Villager (Male) ×5 |
| 23:41 | Create | Villager (Male) ×5 |
| 23:52 | Build | Mining Camp |
| 24:00 | Create | Villager (Male) ×2 |
| 24:00 | Create | Villager (Male) ×2 |
| 24:13 | Build | House |
| 24:14 | Build | House |
| 24:22 | Build | House |
| 24:23 | Build | House |
| 24:24 | Build | House |
| 24:25 | Build | House |
| 24:30 | Create | Villager (Male) ×3 |
| 24:40 | Build | Farm |
| 24:41 | Build | Farm |
| 24:43 | Build | Farm |
| 24:47 | Create | Villager (Male) |
| 24:50 | Create | Villager (Male) |
| 24:50 | Create | Villager (Male) |
| 25:01 | Research | Hand Cart |
| 25:02 | Create | Villager (Male) ×3 |
| 25:09 | Build | Farm |
| 25:11 | Build | Farm |
| 25:12 | Build | Farm |
| 25:13 | Build | Farm |
| 25:19 | Create | Villager (Male) |
| 25:20 | Create | Villager (Male) |
| 25:20 | Create | Villager (Male) |
| 25:20 | Create | Villager (Male) |
| 25:28 | Build | Lumber Camp |
| 25:37 | Build | Farm |
| 25:38 | Build | Farm |
| 25:40 | Build | Farm |
| 25:45 | Create | Villager (Male) |
| 25:46 | Create | Villager (Male) |
| 25:46 | Create | Villager (Male) |
| 25:46 | Create | Villager (Male) |
| 25:46 | Create | Villager (Male) |
| 26:01 | Create | Villager (Male) |
| 26:01 | Create | Villager (Male) |
| 26:12 | Build | Farm |
| 26:14 | Build | Farm |
| 26:15 | Build | Farm |
| 26:20 | Create | Villager (Male) |
| 26:20 | Create | Villager (Male) |
| 26:20 | Create | Villager (Male) |
| 26:20 | Create | Villager (Male) |
| 26:26 | Create | Villager (Male) |
| 26:29 | Create | Villager (Male) |
| 26:29 | Create | Villager (Male) |
| 26:38 | Build | Farm |
| 26:39 | Build | Farm |
| 26:44 | Create | Villager (Male) |
| 26:44 | Create | Villager (Male) |
| 26:54 | Build | Farm |
| 26:55 | Build | Farm |
| 27:01 | Create | Villager (Male) |
| 27:01 | Create | Villager (Male) |
| 27:01 | Create | Villager (Male) |
| 27:02 | Create | Villager (Male) |
| 27:02 | Create | Villager (Male) |
| 27:13 | Build | Farm |
| 27:15 | Build | Farm |
| 27:20 | Create | Villager (Male) |
| 27:20 | Create | Villager (Male) |
| 27:20 | Create | Villager (Male) |
Build order — kagerberg
First 150 of 440 actions detected
| 2:22 | Create | Villager (Male) |
| 2:22 | Create | Villager (Male) |
| 2:22 | Create | Villager (Male) |
| 2:22 | Create | Villager (Male) |
| 2:48 | Build | House |
| 3:37 | Build | House |
| 4:30 | Build | Mill |
| 4:41 | Create | Villager (Male) |
| 4:41 | Create | Villager (Male) |
| 5:15 | Create | Villager (Male) |
| 6:11 | Create | Villager (Male) |
| 6:11 | Create | Villager (Male) |
| 6:30 | Create | Villager (Male) |
| 6:47 | Build | Palisade Wall |
| 7:18 | Build | Lumber Camp |
| 7:19 | Create | Villager (Male) |
| 8:32 | Build | Mill |
| 8:34 | Create | Villager (Male) |
| 8:34 | Create | Villager (Male) |
| 9:25 | Build | House |
| 10:22 | Create | Villager (Male) |
| 10:22 | Create | Villager (Male) |
| 10:36 | Build | House |
| 11:54 | Create | Villager (Male) |
| 11:54 | Create | Villager (Male) |
| 12:06 | Build | House |
| 12:31 | Research | Feudal Age |
| 14:41 | Age | Feudal Age |
| 14:43 | Build | Market |
| 14:46 | Research | Wheelbarrow |
| 14:52 | Research | Double-Bit Axe |
| 15:09 | Build | Blacksmith |
| 16:38 | Build | Farm |
| 17:04 | Build | Farm |
| 18:05 | Research | Castle Age |
| 18:17 | Build | Farm |
| 19:48 | Research | Horse Collar |
| 19:55 | Build | Farm |
| 20:12 | Build | Mining Camp |
| 20:29 | Create | Villager (Male) |
| 20:30 | Create | Villager (Male) |
| 20:30 | Create | Villager (Male) |
| 20:30 | Create | Villager (Male) |
| 20:42 | Build | Farm |
| 20:45 | Age | Castle Age |
| 21:02 | Research | Hand Cart |
| 21:24 | Research | Bow Saw |
| 21:56 | Create | Villager (Male) |
| 22:04 | Build | Farm |
| 22:13 | Build | Farm |
| 22:23 | Create | Villager (Male) |
| 22:24 | Create | Villager (Male) |
| 22:44 | Build | Farm |
| 23:08 | Build | Farm |
| 23:28 | Research | Heavy Plow |
| 24:53 | Build | Town Center |
| 25:03 | Create | Villager (Male) |
| 25:03 | Create | Villager (Male) |
| 25:04 | Create | Villager (Male) |
| 25:04 | Create | Villager (Male) |
| 25:04 | Create | Villager (Male) |
| 25:04 | Create | Villager (Male) |
| 25:30 | Build | Farm |
| 25:43 | Create | Villager (Male) |
| 25:43 | Create | Villager (Male) |
| 25:44 | Create | Villager (Male) |
| 25:45 | Create | Villager (Male) |
| 26:04 | Build | House |
| 26:08 | Build | House |
| 26:11 | Build | House |
| 26:13 | Build | House |
| 26:43 | Build | Farm |
| 26:52 | Research | Town Watch |
| 26:54 | Create | Villager (Male) |
| 26:54 | Create | Villager (Male) |
| 26:56 | Create | Villager (Male) |
| 27:11 | Create | Villager (Male) |
| 27:11 | Create | Villager (Male) |
| 27:23 | Research | Stone Mining |
| 27:35 | Create | Villager (Male) |
| 27:35 | Create | Villager (Male) |
| 27:35 | Create | Villager (Male) |
| 27:35 | Create | Villager (Male) |
| 27:58 | Build | Farm |
| 28:19 | Create | Villager (Male) |
| 28:19 | Create | Villager (Male) |
| 28:25 | Build | House |
| 28:27 | Build | House |
| 29:29 | Build | Outpost |
| 29:41 | Build | Outpost |
| 29:44 | Research | Town Patrol |
| 29:56 | Create | Villager (Male) |
| 29:57 | Create | Villager (Male) |
| 29:57 | Create | Villager (Male) |
| 29:57 | Create | Villager (Male) |
| 30:28 | Build | Monastery |
| 30:32 | Create | Villager (Male) |
| 30:32 | Create | Villager (Male) |
| 30:32 | Create | Villager (Male) |
| 30:47 | Build | Outpost |
| 30:55 | Create | Villager (Male) |
| 30:56 | Create | Villager (Male) |
| 31:14 | Build | Castle |
| 31:24 | Create | Villager (Male) |
| 31:24 | Create | Villager (Male) |
| 31:25 | Create | Villager (Male) |
| 31:45 | Build | Farm |
| 32:03 | Create | Monk |
| 32:12 | Build | Mining Camp |
| 32:52 | Build | Farm |
| 32:54 | Build | Farm |
| 33:04 | Build | Farm |
| 33:12 | Build | Farm |
| 33:17 | Build | Farm |
| 34:37 | Build | Farm |
| 34:40 | Build | Farm |
| 34:45 | Build | Farm |
| 34:45 | Research | Imperial Age |
| 35:07 | Build | Town Center |
| 35:11 | Create | Villager (Male) |
| 35:11 | Create | Villager (Male) |
| 35:11 | Create | Villager (Male) |
| 35:23 | Create | Urumi Swordsman |
| 36:05 | Build | Palisade Gate |
| 36:28 | Build | Stone Wall |
| 36:56 | Build | Mining Camp |
| 37:00 | Create | Villager (Male) |
| 37:00 | Create | Villager (Male) |
| 37:00 | Create | Villager (Male) |
| 37:00 | Create | Villager (Male) |
| 37:01 | Create | Villager (Male) |
| 37:32 | Build | Barracks |
| 37:34 | Create | Villager (Male) |
| 37:34 | Create | Villager (Male) |
| 37:39 | Create | Villager (Male) |
| 37:40 | Create | Villager (Male) |
| 37:40 | Create | Villager (Male) |
| 37:41 | Create | Villager (Male) |
| 37:53 | Build | Gate |
| 37:55 | Age | Imperial Age |
| 38:12 | Research | Conscription |
| 38:49 | Build | Stone Wall |
| 39:20 | Build | Stone Wall |
| 39:44 | Build | Stable |
| 39:48 | Create | Villager (Male) |
| 39:49 | Create | Villager (Male) |
| 39:50 | Create | Villager (Male) |
| 39:50 | Create | Villager (Male) |
| 39:50 | Create | Villager (Male) |
| 39:50 | Create | Villager (Male) |
Build order — Escorpion
First 150 of 1247 actions detected
| 0:03 | Create | Villager (Male) |
| 0:03 | Create | Villager (Male) |
| 0:04 | Create | Villager (Male) |
| 0:04 | Create | Villager (Male) |
| 0:04 | Create | Villager (Male) |
| 0:04 | Create | Villager (Male) |
| 0:05 | Create | Villager (Male) |
| 0:07 | Build | House |
| 0:09 | Build | House |
| 1:40 | Create | Villager (Male) |
| 2:23 | Create | Villager (Male) |
| 2:23 | Create | Villager (Male) |
| 3:14 | Create | Villager (Male) |
| 3:14 | Create | Villager (Male) |
| 3:14 | Create | Villager (Male) |
| 3:53 | Create | Villager (Male) |
| 3:54 | Create | Villager (Male) |
| 3:54 | Create | Villager (Male) |
| 4:22 | Build | House |
| 5:19 | Create | Villager (Male) |
| 5:19 | Create | Villager (Male) |
| 5:27 | Build | House |
| 5:28 | Build | House |
| 5:30 | Build | House |
| 5:43 | Build | Mill |
| 6:01 | Create | Villager (Male) |
| 6:01 | Create | Villager (Male) |
| 6:11 | Build | Lumber Camp |
| 6:14 | Create | Villager (Male) |
| 6:14 | Create | Villager (Male) |
| 6:41 | Build | House |
| 6:43 | Build | House |
| 6:44 | Build | House |
| 6:47 | Create | Villager (Male) |
| 7:07 | Build | House |
| 7:09 | Build | House |
| 7:11 | Build | House |
| 7:13 | Build | House |
| 7:15 | Create | Villager (Male) |
| 7:15 | Create | Villager (Male) |
| 7:53 | Create | Villager (Male) |
| 7:58 | Build | Outpost |
| 8:00 | Build | Palisade Wall |
| 8:00 | Build | Palisade Wall |
| 8:01 | Build | Palisade Wall |
| 8:01 | Build | Palisade Wall |
| 8:02 | Build | Palisade Wall |
| 8:03 | Build | Palisade Wall |
| 8:03 | Build | Palisade Wall |
| 8:04 | Build | Palisade Wall |
| 8:05 | Build | Palisade Wall |
| 8:08 | Create | Villager (Male) |
| 8:15 | Create | Villager (Male) |
| 8:42 | Create | Villager (Male) |
| 8:56 | Build | House |
| 8:58 | Build | House |
| 8:59 | Build | House |
| 9:00 | Build | House |
| 9:02 | Build | House |
| 9:25 | Create | Villager (Male) |
| 9:36 | Build | Outpost |
| 9:40 | Build | Palisade Wall |
| 9:41 | Build | Palisade Wall |
| 9:42 | Build | Palisade Wall |
| 9:44 | Build | Palisade Wall |
| 9:45 | Build | Palisade Wall |
| 9:46 | Build | Palisade Wall |
| 9:48 | Build | Palisade Wall |
| 10:38 | Create | Villager (Male) |
| 10:40 | Research | Feudal Age |
| 10:40 | Research | Feudal Age |
| 12:22 | Build | Palisade Wall |
| 12:24 | Create | Villager (Male) |
| 12:40 | Build | Mining Camp |
| 12:50 | Age | Feudal Age |
| 12:53 | Build | Market |
| 12:55 | Build | Blacksmith |
| 13:00 | Create | Villager (Male) |
| 13:02 | Create | Villager (Male) |
| 13:40 | Create | Villager (Male) |
| 13:56 | Create | Villager (Male) |
| 14:12 | Build | Barracks |
| 14:19 | Research | Wheelbarrow |
| 14:26 | Research | Double-Bit Axe |
| 14:34 | Create | Villager (Male) |
| 14:48 | Build | House |
| 14:50 | Build | House |
| 14:55 | Build | House |
| 14:59 | Build | House |
| 15:02 | Build | House |
| 15:04 | Build | House |
| 15:24 | Build | Mining Camp |
| 15:29 | Create | Spearman |
| 15:29 | Create | Spearman |
| 15:55 | Research | Horse Collar |
| 16:04 | Create | Villager (Male) |
| 16:09 | Research | Gold Mining |
| 16:20 | Build | Farm |
| 16:20 | Build | Farm |
| 16:20 | Build | Farm |
| 16:21 | Build | Farm |
| 16:21 | Build | Farm |
| 16:21 | Build | Farm |
| 16:22 | Build | Farm |
| 16:42 | Create | Villager (Male) |
| 16:43 | Create | Villager (Male) |
| 16:44 | Create | Villager (Male) |
| 16:48 | Build | Farm |
| 16:48 | Build | Farm |
| 16:48 | Build | Farm |
| 17:12 | Create | Villager (Male) |
| 17:13 | Create | Villager (Male) |
| 17:14 | Build | Farm |
| 17:16 | Build | Farm |
| 17:23 | Create | Spearman |
| 17:23 | Create | Spearman |
| 17:37 | Build | Stone Wall |
| 17:41 | Build | Gate |
| 17:49 | Create | Villager (Male) |
| 17:50 | Create | Villager (Male) |
| 18:04 | Build | Outpost |
| 18:07 | Build | House |
| 18:18 | Build | Farm |
| 18:18 | Build | Farm |
| 18:18 | Build | Farm |
| 18:27 | Build | Farm |
| 18:50 | Build | Farm |
| 18:59 | Build | House |
| 19:03 | Build | House |
| 19:13 | Create | Spearman |
| 19:14 | Create | Spearman |
| 19:23 | Build | Farm |
| 19:36 | Create | Villager (Male) |
| 19:37 | Create | Villager (Male) |
| 19:42 | Build | Farm |
| 19:50 | Build | House |
| 19:52 | Build | House |
| 19:53 | Build | House |
| 19:55 | Build | House |
| 19:56 | Build | House |
| 19:58 | Build | House |
| 20:00 | Build | House |
| 20:09 | Build | Outpost |
| 20:15 | Build | Outpost |
| 20:18 | Build | Farm |
| 20:24 | Create | Villager (Male) |
| 20:32 | Build | Farm |
| 20:44 | Build | Stable |
| 21:01 | Create | Spearman |
| 21:02 | Create | Spearman |
Build order — Pif_1978
First 150 of 397 actions detected
| 0:22 | Build | Palisade Wall |
| 0:36 | Build | House |
| 0:40 | Create | Villager (Male) |
| 0:40 | Create | Villager (Male) |
| 0:41 | Create | Villager (Male) |
| 0:41 | Create | Villager (Male) |
| 2:42 | Create | Villager (Male) |
| 3:03 | Create | Villager (Male) |
| 3:17 | Build | House |
| 3:55 | Create | Villager (Male) |
| 3:55 | Create | Villager (Male) |
| 5:11 | Create | Villager (Male) |
| 5:11 | Create | Villager (Male) |
| 5:11 | Create | Villager (Male) |
| 5:34 | Create | Villager (Male) |
| 5:34 | Create | Villager (Male) |
| 5:35 | Create | Villager (Male) |
| 8:36 | Build | Lumber Camp |
| 9:10 | Build | Palisade Wall |
| 9:44 | Build | Mill |
| 10:36 | Research | Feudal Age |
| 12:38 | Build | House |
| 13:17 | Build | House |
| 13:28 | Create | Villager (Male) |
| 13:28 | Create | Villager (Male) |
| 13:28 | Create | Villager (Male) |
| 13:28 | Create | Villager (Male) |
| 13:29 | Create | Villager (Male) |
| 13:29 | Create | Villager (Male) |
| 13:29 | Create | Villager (Male) |
| 13:30 | Create | Villager (Male) |
| 14:06 | Build | Blacksmith |
| 15:38 | Build | Market |
| 16:05 | Build | Farm |
| 16:06 | Build | Farm |
| 16:06 | Build | Farm |
| 16:09 | Build | Farm |
| 16:09 | Build | Farm |
| 16:09 | Build | Farm |
| 16:11 | Build | Farm |
| 17:04 | Build | Farm |
| 17:12 | Research | Horse Collar |
| 18:13 | Research | Double-Bit Axe |
| 18:23 | Create | Villager (Male) |
| 18:23 | Create | Villager (Male) |
| 18:24 | Create | Villager (Male) |
| 18:24 | Create | Villager (Male) |
| 19:02 | Build | Mining Camp |
| 20:08 | Build | Farm |
| 20:32 | Build | Farm |
| 20:33 | Build | Farm |
| 20:33 | Build | Farm |
| 20:33 | Build | Farm |
| 20:35 | Build | Farm |
| 20:36 | Build | Farm |
| 21:45 | Build | House |
| 21:47 | Build | House |
| 21:51 | Build | House |
| 21:54 | Build | House |
| 21:56 | Build | House |
| 22:19 | Research | Castle Age |
| 22:36 | Research | Gold Mining |
| 24:44 | Research | Stone Mining |
| 25:18 | Create | Villager (Male) |
| 25:18 | Create | Villager (Male) |
| 25:18 | Create | Villager (Male) |
| 25:18 | Create | Villager (Male) |
| 25:19 | Create | Villager (Male) |
| 25:19 | Create | Villager (Male) |
| 25:20 | Create | Villager (Male) |
| 25:20 | Create | Villager (Male) |
| 26:29 | Build | Town Center |
| 28:11 | Research | Wheelbarrow |
| 28:19 | Create | Villager (Male) |
| 28:19 | Create | Villager (Male) |
| 28:19 | Create | Villager (Male) |
| 28:19 | Create | Villager (Male) |
| 28:20 | Create | Villager (Male) |
| 28:20 | Create | Villager (Male) |
| 28:26 | Create | Villager (Male) |
| 28:27 | Create | Villager (Male) |
| 28:27 | Create | Villager (Male) |
| 28:27 | Create | Villager (Male) |
| 28:28 | Create | Villager (Male) |
| 28:28 | Create | Villager (Male) |
| 28:28 | Create | Villager (Male) |
| 28:29 | Create | Villager (Male) |
| 28:29 | Create | Villager (Male) |
| 28:56 | Research | Bow Saw |
| 29:24 | Research | Heavy Plow |
| 30:16 | Create | Villager (Male) |
| 30:16 | Create | Villager (Male) |
| 30:21 | Create | Villager (Male) |
| 30:21 | Create | Villager (Male) |
| 30:21 | Create | Villager (Male) |
| 30:22 | Create | Villager (Male) |
| 30:40 | Build | House |
| 30:42 | Build | House |
| 30:45 | Build | House |
| 30:48 | Build | House |
| 30:50 | Build | House |
| 30:58 | Build | House |
| 31:01 | Build | House |
| 31:17 | Build | Town Center |
| 31:23 | Create | Villager (Male) |
| 31:23 | Create | Villager (Male) |
| 31:23 | Create | Villager (Male) |
| 31:24 | Create | Villager (Male) |
| 31:24 | Create | Villager (Male) |
| 31:25 | Create | Villager (Male) |
| 32:14 | Build | Barracks |
| 32:17 | Build | Barracks |
| 32:21 | Build | Barracks |
| 32:35 | Create | Villager (Male) |
| 32:36 | Create | Villager (Male) |
| 32:36 | Create | Villager (Male) |
| 32:36 | Create | Villager (Male) |
| 32:37 | Create | Villager (Male) |
| 32:38 | Create | Villager (Male) |
| 32:38 | Create | Villager (Male) |
| 32:57 | Create | Villager (Male) |
| 32:57 | Create | Villager (Male) |
| 32:58 | Create | Villager (Male) |
| 32:58 | Create | Villager (Male) |
| 33:08 | Research | Arson |
| 33:26 | Research | Squires |
| 33:32 | Research | Gambesons |
| 33:52 | Build | Stable |
| 33:53 | Build | Stable |
| 33:56 | Build | Stable |
| 33:58 | Build | Stable |
| 34:00 | Build | Stable |
| 34:02 | Build | Stable |
| 34:23 | Create | Spearman ×7 |
| 34:48 | Build | Farm |
| 34:48 | Build | Farm |
| 34:50 | Build | Farm |
| 34:50 | Build | Farm |
| 34:52 | Build | Farm |
| 34:53 | Build | Farm |
| 34:56 | Build | Farm |
| 34:57 | Build | Farm |
| 35:01 | Build | Farm |
| 35:24 | Build | Farm |
| 36:44 | Build | Siege Workshop |
| 36:47 | Build | Siege Workshop |
| 36:50 | Build | Siege Workshop |
| 37:00 | Build | Siege Workshop |
| 37:33 | Build | Monastery |
| 38:18 | Research | Imperial Age |
Build order — Bacchus
First 150 of 1193 actions detected
| 0:06 | Build | House |
| 0:19 | Create | Villager (Male) |
| 0:19 | Create | Villager (Male) |
| 0:19 | Create | Villager (Male) |
| 0:19 | Create | Villager (Male) |
| 0:20 | Research | Loom |
| 0:35 | Build | House |
| 2:30 | Create | Villager (Male) |
| 2:30 | Create | Villager (Male) |
| 2:30 | Create | Villager (Male) |
| 3:59 | Create | Villager (Male) |
| 4:00 | Create | Villager (Male) |
| 4:00 | Create | Villager (Male) |
| 4:01 | Create | Villager (Male) |
| 4:23 | Create | Villager (Male) |
| 4:24 | Create | Villager (Male) |
| 4:38 | Build | House |
| 4:40 | Build | House |
| 4:44 | Build | Mill |
| 6:32 | Create | Villager (Male) |
| 6:32 | Create | Villager (Male) |
| 6:32 | Create | Villager (Male) |
| 6:33 | Create | Villager (Male) |
| 6:33 | Create | Villager (Male) |
| 6:33 | Create | Villager (Male) |
| 8:10 | Create | Villager (Male) |
| 8:12 | Create | Villager (Male) |
| 8:13 | Create | Villager (Male) |
| 8:14 | Create | Villager (Male) |
| 9:09 | Create | Villager (Male) |
| 9:57 | Create | Villager (Male) |
| 9:58 | Create | Villager (Male) |
| 9:58 | Create | Villager (Male) |
| 9:58 | Create | Villager (Male) |
| 9:59 | Create | Villager (Male) |
| 10:02 | Create | Villager (Male) |
| 10:02 | Create | Villager (Male) |
| 10:02 | Create | Villager (Male) |
| 10:37 | Build | Lumber Camp |
| 11:30 | Research | Feudal Age |
| 11:40 | Create | Villager (Male) |
| 11:40 | Create | Villager (Male) |
| 11:41 | Create | Villager (Male) |
| 11:43 | Create | Villager (Male) |
| 11:53 | Build | Lumber Camp |
| 12:30 | Build | Barracks |
| 13:04 | Build | House |
| 13:05 | Build | House |
| 13:18 | Build | Lumber Camp |
| 13:47 | Age | Feudal Age |
| 14:12 | Build | House |
| 14:15 | Research | Double-Bit Axe |
| 14:50 | Build | Mining Camp |
| 15:01 | Build | Mining Camp |
| 15:20 | Research | Horse Collar |
| 15:27 | Build | Farm |
| 15:29 | Build | Farm |
| 15:33 | Build | Farm |
| 15:55 | Build | Farm |
| 15:59 | Build | Farm |
| 16:01 | Build | Farm |
| 16:32 | Build | Lumber Camp |
| 17:00 | Build | Stone Wall |
| 17:09 | Build | House |
| 17:11 | Build | House |
| 17:13 | Build | House |
| 17:38 | Build | Lumber Camp |
| 17:54 | Build | Lumber Camp |
| 18:01 | Research | Gold Mining |
| 18:06 | Research | Stone Mining |
| 18:20 | Research | Wheelbarrow |
| 18:21 | Create | Villager (Male) |
| 18:21 | Create | Villager (Male) |
| 18:25 | Create | Villager (Male) |
| 18:26 | Create | Villager (Male) |
| 18:26 | Create | Villager (Male) |
| 18:27 | Create | Villager (Male) |
| 18:27 | Create | Villager (Male) |
| 18:28 | Create | Villager (Male) |
| 18:28 | Create | Villager (Male) |
| 18:29 | Create | Villager (Male) |
| 18:29 | Create | Villager (Male) |
| 18:30 | Create | Villager (Male) |
| 18:30 | Create | Villager (Male) |
| 18:30 | Create | Villager (Male) |
| 18:30 | Create | Villager (Male) |
| 18:46 | Build | Lumber Camp |
| 19:16 | Build | House |
| 19:19 | Build | House |
| 19:22 | Build | House |
| 19:24 | Build | House |
| 19:36 | Build | Stone Wall |
| 19:54 | Research | Wheelbarrow |
| 20:11 | Build | Farm |
| 20:13 | Build | Farm |
| 20:19 | Build | Farm |
| 20:30 | Build | Farm |
| 20:38 | Build | Farm |
| 20:40 | Build | Farm |
| 20:51 | Build | Gate |
| 20:57 | Build | Watch Tower |
| 21:15 | Research | Town Watch |
| 21:42 | Build | Blacksmith |
| 21:44 | Build | Market |
| 22:02 | Create | Villager (Male) |
| 22:03 | Create | Villager (Male) |
| 22:03 | Create | Villager (Male) |
| 22:05 | Create | Villager (Male) |
| 22:15 | Build | Farm |
| 22:16 | Build | Farm |
| 22:19 | Build | Farm |
| 22:37 | Research | Castle Age |
| 23:05 | Build | Lumber Camp |
| 23:20 | Build | House |
| 23:28 | Build | House |
| 23:33 | Build | House |
| 23:45 | Build | Watch Tower |
| 24:04 | Build | Outpost |
| 24:17 | Create | Villager (Male) |
| 24:17 | Create | Villager (Male) |
| 24:17 | Create | Villager (Male) |
| 24:30 | Research | Padded Archer Armor |
| 24:31 | Research | Fletching |
| 24:32 | Research | Forging |
| 24:42 | Build | Farm |
| 24:49 | Build | Farm |
| 24:55 | Build | Mill |
| 25:14 | Build | Farm |
| 25:17 | Build | Farm |
| 25:20 | Build | Farm |
| 25:22 | Build | Farm |
| 25:24 | Build | Farm |
| 25:27 | Create | Villager (Male) |
| 25:28 | Create | Villager (Male) |
| 25:32 | Age | Castle Age |
| 25:39 | Research | Bow Saw |
| 25:52 | Build | Town Center |
| 26:12 | Build | Town Center |
| 26:19 | Build | House |
| 26:20 | Build | House |
| 26:22 | Build | House |
| 26:31 | Research | Heavy Plow |
| 26:41 | Research | Wheelbarrow |
| 26:45 | Research | Town Watch |
| 26:46 | Create | Villager (Male) |
| 26:47 | Create | Villager (Male) |
| 26:48 | Create | Villager (Male) |
| 27:06 | Build | Town Center |
| 27:39 | Build | Watch Tower |
| 27:50 | Build | Outpost |
Build order — Mowizzz
First 150 of 710 actions detected
| 0:02 | Create | Villager (Male) |
| 0:03 | Create | Villager (Male) |
| 0:03 | Create | Villager (Male) |
| 0:04 | Build | House |
| 0:06 | Build | House |
| 0:26 | Create | Villager (Male) |
| 0:26 | Create | Villager (Male) |
| 1:36 | Create | Villager (Male) |
| 1:36 | Create | Villager (Male) |
| 1:47 | Build | House |
| 1:51 | Build | Mill |
| 2:04 | Create | Villager (Male) |
| 2:28 | Create | Villager (Male) |
| 2:37 | Create | Villager (Male) |
| 3:27 | Create | Villager (Male) |
| 3:27 | Create | Villager (Male) |
| 3:28 | Create | Villager (Male) |
| 4:08 | Create | Villager (Male) |
| 4:08 | Create | Villager (Male) |
| 4:08 | Create | Villager (Male) |
| 4:13 | Create | Villager (Male) |
| 4:34 | Build | House |
| 4:39 | Create | Villager (Male) |
| 5:47 | Create | Villager (Male) |
| 5:48 | Create | Villager (Male) |
| 5:55 | Create | Villager (Male) |
| 6:32 | Create | Villager (Male) |
| 7:06 | Create | Villager (Male) |
| 7:33 | Create | Villager (Male) |
| 7:54 | Build | Mining Camp |
| 8:05 | Create | Villager (Male) |
| 8:36 | Research | Feudal Age |
| 9:41 | Build | House |
| 10:52 | Age | Feudal Age |
| 10:55 | Build | Market |
| 10:56 | Build | Blacksmith |
| 11:05 | Create | Villager (Male) |
| 11:05 | Create | Villager (Male) |
| 11:32 | Build | Lumber Camp |
| 11:48 | Research | Castle Age |
| 12:18 | Research | Double-Bit Axe |
| 12:38 | Build | Palisade Wall |
| 12:40 | Build | Palisade Wall |
| 12:49 | Build | Palisade Gate |
| 13:23 | Create | Villager (Male) |
| 13:23 | Create | Villager (Male) |
| 13:48 | Build | House |
| 14:05 | Research | Horse Collar |
| 14:35 | Age | Castle Age |
| 14:39 | Build | Monastery |
| 14:43 | Build | Monastery |
| 14:56 | Research | Bow Saw |
| 15:15 | Create | Monk |
| 15:31 | Build | Farm |
| 15:36 | Create | Villager (Male) |
| 15:37 | Create | Villager (Male) |
| 15:43 | Research | Horse Collar |
| 15:45 | Research | Sanctity |
| 15:45 | Create | Monk |
| 15:54 | Build | Mining Camp |
| 16:01 | Build | Farm |
| 16:01 | Build | Farm |
| 16:01 | Build | Farm |
| 16:01 | Build | Farm |
| 16:02 | Build | Farm |
| 16:02 | Build | Farm |
| 16:02 | Build | Farm |
| 16:03 | Build | Farm |
| 16:03 | Build | Farm |
| 16:04 | Build | Farm |
| 16:07 | Create | Villager (Male) |
| 16:07 | Create | Villager (Male) |
| 16:29 | Create | Villager (Male) |
| 16:30 | Create | Villager (Male) |
| 16:34 | Build | Farm |
| 16:48 | Create | Monk |
| 16:53 | Create | Monk |
| 17:02 | Build | Farm |
| 17:05 | Build | Farm |
| 17:06 | Build | Farm |
| 17:10 | Create | Villager (Male) |
| 17:10 | Create | Villager (Male) |
| 17:10 | Create | Villager (Male) |
| 17:28 | Create | Villager (Male) |
| 17:46 | Research | Atonement |
| 18:14 | Create | Villager (Male) |
| 18:15 | Create | Villager (Male) |
| 18:18 | Build | House |
| 18:19 | Build | House |
| 18:21 | Create | Villager (Male) |
| 19:03 | Create | Monk |
| 19:03 | Create | Monk |
| 19:07 | Build | House |
| 19:08 | Build | House |
| 20:00 | Create | Villager (Male) |
| 20:01 | Create | Villager (Male) |
| 20:01 | Create | Villager (Male) |
| 20:09 | Build | Town Center |
| 20:10 | Build | Farm |
| 20:11 | Build | Farm |
| 20:11 | Build | Farm |
| 20:11 | Build | Farm |
| 20:11 | Build | Farm |
| 20:11 | Build | Farm |
| 20:13 | Create | Villager (Male) |
| 20:14 | Create | Villager (Male) |
| 21:31 | Create | Villager (Male) |
| 21:31 | Create | Villager (Male) |
| 21:33 | Create | Monk |
| 21:33 | Create | Monk |
| 21:34 | Create | Monk |
| 22:18 | Create | Villager (Male) |
| 22:18 | Create | Villager (Male) |
| 22:38 | Create | Villager (Male) |
| 22:38 | Create | Villager (Male) |
| 22:43 | Build | Town Center |
| 22:52 | Build | Town Center |
| 22:57 | Research | Heavy Plow |
| 23:22 | Create | Monk |
| 23:23 | Create | Monk |
| 23:24 | Create | Villager (Male) |
| 23:24 | Create | Villager (Male) |
| 23:24 | Create | Villager (Male) |
| 23:31 | Build | House |
| 23:31 | Build | House |
| 23:31 | Build | House |
| 23:32 | Build | House |
| 23:32 | Build | House |
| 23:32 | Build | House |
| 23:32 | Build | House |
| 24:30 | Create | Villager (Male) |
| 24:30 | Create | Villager (Male) |
| 24:43 | Create | Villager (Male) |
| 24:44 | Create | Villager (Male) |
| 24:44 | Create | Villager (Male) |
| 24:44 | Create | Villager (Male) |
| 24:45 | Create | Villager (Male) |
| 24:45 | Create | Villager (Male) |
| 24:48 | Research | Gold Mining |
| 24:48 | Research | Stone Mining |
| 25:27 | Create | Villager (Male) |
| 25:27 | Create | Villager (Male) |
| 25:28 | Create | Villager (Male) |
| 25:28 | Create | Villager (Male) |
| 25:28 | Create | Villager (Male) |
| 25:31 | Build | House |
| 25:31 | Build | House |
| 25:31 | Build | House |
| 25:35 | Build | Farm |
| 25:35 | Build | Farm |
Match timeline
| 0:22 | Pif_1978 · wall_segment Palisade Wall x15 |
| 2:56 | L1v109650 · wall_segment Palisade Wall x14 |
| 3:11 | Muffindrake · wall_segment Palisade Wall x12 |
| 6:47 | kagerberg · wall_segment Palisade Wall x21 |
| 8:00 | Escorpion · wall_segment Palisade Wall x1 |
| 8:00 | Escorpion · wall_segment Palisade Wall x1 |
| 8:01 | Escorpion · wall_segment Palisade Wall x1 |
| 8:01 | Escorpion · wall_segment Palisade Wall x1 |
| 8:02 | Escorpion · wall_segment Palisade Wall x1 |
| 8:03 | Escorpion · wall_segment Palisade Wall x1 |
| 8:03 | Escorpion · wall_segment Palisade Wall x1 |
| 8:04 | Escorpion · wall_segment Palisade Wall x1 |
| 8:05 | Escorpion · wall_segment Palisade Wall x1 |
| 9:10 | Pif_1978 · wall_segment Palisade Wall x19 |
| 9:40 | Escorpion · wall_segment Palisade Wall x1 |
| 9:41 | Escorpion · wall_segment Palisade Wall x1 |
| 9:42 | Escorpion · wall_segment Palisade Wall x1 |
| 9:44 | Escorpion · wall_segment Palisade Wall x1 |
| 9:45 | Escorpion · wall_segment Palisade Wall x1 |
| 9:46 | Escorpion · wall_segment Palisade Wall x1 |
| 9:48 | Escorpion · wall_segment Palisade Wall x1 |
| 10:52 | Mowizzz · age_up feudal |
| 11:20 | Muffindrake · first_building Barracks |
| 12:22 | Escorpion · wall_segment Palisade Wall x1 |
| 12:30 | Bacchus · first_building Barracks |
| 12:38 | Mowizzz · wall_segment Palisade Wall x8 |
| 12:40 | Mowizzz · wall_segment Palisade Wall x6 |
| 12:50 | Escorpion · age_up feudal |
| 12:52 | lasha0707 · first_market_buy 100 food |
| 13:47 | Bacchus · age_up feudal |
| 14:12 | Escorpion · first_building Barracks |
| 14:15 | Muffindrake · age_up feudal |
| 14:35 | Mowizzz · age_up castle |
| 14:39 | Mowizzz · first_building Monastery |
| 14:41 | kagerberg · age_up feudal |
| 15:07 | L1v109650 · first_market_sell 100 wood |
| 15:21 | lasha0707 · wall_segment Stone Wall x5 |
| 15:23 | lasha0707 · wall_segment Stone Wall x4 |
| 15:48 | L1v109650 · first_building Barracks |
| 16:27 | kagerberg · first_market_sell 100 wood |
| 16:37 | lasha0707 · first_building Monastery |
| 17:00 | Bacchus · wall_segment Stone Wall x13 |
| 17:37 | Escorpion · wall_segment Stone Wall x16 |
| 18:46 | Muffindrake · first_building Archery Range |
| 19:14 | L1v109650 · first_building Monastery |
| 19:29 | Muffindrake · first_building Stable |
| 19:36 | Bacchus · wall_segment Stone Wall x4 |
| 20:02 | L1v109650 · wall_segment Stone Wall x17 |
| 20:44 | Escorpion · first_building Stable |
| 20:45 | kagerberg · age_up castle |
| 21:23 | L1v109650 · first_building Siege Workshop |
| 22:03 | lasha0707 · wall_segment Stone Wall x1 |
| 22:47 | Mowizzz · first_market_buy 100 stone |
| 23:23 | Muffindrake · age_up castle |
| 23:57 | Muffindrake · first_building Monastery |
| 25:19 | Muffindrake · first_building Castle |
| 25:32 | Bacchus · age_up castle |
| 26:23 | L1v109650 · first_building Archery Range |
| 27:20 | Escorpion · first_building Archery Range |
| 28:19 | Escorpion · first_market_buy 100 wood |
| 28:32 | Escorpion · age_up castle |
| 29:34 | L1v109650 · first_building Castle |
| 29:55 | Escorpion · first_building Monastery |
| 30:28 | kagerberg · first_building Monastery |
| 30:36 | Bacchus · first_building Monastery |
| 31:14 | kagerberg · first_building Castle |
| 32:14 | Pif_1978 · first_building Barracks |
| 32:33 | L1v109650 · wall_segment Stone Wall x22 |
| 32:50 | lasha0707 · first_building Siege Workshop |
| 33:37 | lasha0707 · wall_segment Stone Wall x15 |
| 33:46 | lasha0707 · wall_segment Stone Wall x22 |
| 33:52 | lasha0707 · wall_segment Stone Wall x18 |
| 33:52 | Pif_1978 · first_building Stable |
| 33:54 | lasha0707 · wall_segment Stone Wall x3 |
| 33:58 | lasha0707 · wall_segment Stone Wall x5 |
| 36:28 | kagerberg · wall_segment Stone Wall x14 |
| 36:44 | Pif_1978 · first_building Siege Workshop |
| 37:32 | kagerberg · first_building Barracks |
| 37:33 | Pif_1978 · first_building Monastery |
| 37:38 | Muffindrake · age_up imperial |
| 37:55 | kagerberg · age_up imperial |
| 38:06 | lasha0707 · first_building Castle |
| 38:49 | kagerberg · wall_segment Stone Wall x5 |
| 39:07 | L1v109650 · first_building Stable |
| 39:20 | kagerberg · wall_segment Stone Wall x21 |
| 39:44 | kagerberg · first_building Stable |
| 40:15 | lasha0707 · first_building Barracks |
| 40:28 | Mowizzz · first_building Castle |
| 40:39 | Mowizzz · wall_segment Stone Wall x5 |
| 41:01 | L1v109650 · wall_segment Stone Wall x9 |
| 41:04 | L1v109650 · wall_segment Stone Wall x8 |
| 41:06 | Mowizzz · wall_segment Stone Wall x3 |
| 41:09 | L1v109650 · wall_segment Stone Wall x1 |
| 41:10 | L1v109650 · wall_segment Stone Wall x1 |
| 41:15 | L1v109650 · wall_segment Stone Wall x19 |
| 41:16 | L1v109650 · wall_segment Stone Wall x1 |
| 41:55 | L1v109650 · wall_segment Stone Wall x4 |
| 42:01 | L1v109650 · wall_segment Stone Wall x8 |
| 42:13 | L1v109650 · wall_segment Stone Wall x7 |
| 42:24 | Mowizzz · wall_segment Stone Wall x3 |
| 42:42 | Muffindrake · wall_segment Stone Wall x1 |
| 42:47 | Muffindrake · wall_segment Stone Wall x11 |
| 43:04 | L1v109650 · wall_segment Stone Wall x6 |
| 43:06 | Escorpion · first_building Castle |
| 43:08 | lasha0707 · first_building Stable |
| 43:11 | L1v109650 · wall_segment Stone Wall x4 |
| 43:36 | lasha0707 · first_building Archery Range |
| 43:39 | L1v109650 · wall_segment Stone Wall x6 |
| 43:50 | Bacchus · first_building Siege Workshop |
| 44:06 | Muffindrake · first_building Siege Workshop |
| 44:11 | Mowizzz · first_building Barracks |
| 44:35 | kagerberg · first_building Siege Workshop |
| 44:45 | Escorpion · wall_segment Stone Wall x38 |
| 44:48 | Mowizzz · wall_segment Stone Wall x12 |
| 45:03 | Mowizzz · first_building Archery Range |
| 45:04 | Escorpion · wall_segment Stone Wall x54 |
| 45:11 | Pif_1978 · wall_segment Stone Wall x15 |
| 45:24 | Escorpion · first_building Siege Workshop |
| 46:20 | Bacchus · wall_segment Stone Wall x9 |
| 46:33 | Mowizzz · first_building Siege Workshop |
| 46:59 | L1v109650 · wall_segment Stone Wall x3 |
| 47:02 | L1v109650 · wall_segment Stone Wall x10 |
| 47:14 | Bacchus · first_building Stable |
| 47:16 | Mowizzz · age_up imperial |
| 47:17 | Escorpion · wall_segment Stone Wall x16 |
| 47:19 | Escorpion · age_up imperial |
| 47:51 | Escorpion · first_market_sell 500 wood |
| 48:14 | Bacchus · age_up imperial |
| 48:15 | Escorpion · wall_segment Stone Wall x19 |
| 48:39 | L1v109650 · wall_segment Stone Wall x6 |
| 48:40 | L1v109650 · wall_segment Stone Wall x1 |
| 48:42 | L1v109650 · wall_segment Stone Wall x5 |
| 48:47 | L1v109650 · wall_segment Stone Wall x1 |
| 48:49 | L1v109650 · wall_segment Stone Wall x1 |
| 48:51 | L1v109650 · wall_segment Stone Wall x1 |
| 48:52 | L1v109650 · wall_segment Stone Wall x1 |
| 49:29 | Escorpion · wall_segment Stone Wall x10 |
| 49:37 | Escorpion · wall_segment Stone Wall x8 |
| 49:38 | Escorpion · wall_segment Stone Wall x5 |
| 50:11 | Pif_1978 · wall_segment Stone Wall x15 |
| 50:16 | L1v109650 · wall_segment Stone Wall x1 |
| 50:18 | L1v109650 · wall_segment Stone Wall x2 |
| 50:20 | L1v109650 · wall_segment Stone Wall x4 |
| 50:24 | L1v109650 · wall_segment Stone Wall x5 |
| 50:34 | L1v109650 · wall_segment Stone Wall x1 |
| 50:37 | L1v109650 · wall_segment Stone Wall x1 |
| 50:40 | L1v109650 · wall_segment Stone Wall x1 |
| 50:41 | kagerberg · first_building Archery Range |
| 50:44 | L1v109650 · wall_segment Stone Wall x4 |
| 50:55 | L1v109650 · wall_segment Stone Wall x1 |
| 50:57 | L1v109650 · wall_segment Stone Wall x1 |
| 51:37 | Escorpion · wall_segment Stone Wall x17 |
| 51:46 | Mowizzz · first_market_sell 500 food |
| 51:54 | Escorpion · wall_segment Stone Wall x11 |
| 52:02 | Escorpion · wall_segment Stone Wall x7 |
| 52:13 | Pif_1978 · first_building Castle |
| 52:16 | Escorpion · wall_segment Stone Wall x12 |
| 52:29 | Escorpion · wall_segment Stone Wall x11 |
| 52:46 | Escorpion · wall_segment Stone Wall x5 |
| 54:19 | Escorpion · wall_segment Stone Wall x4 |
| 54:23 | Escorpion · wall_segment Stone Wall x6 |
| 54:24 | Escorpion · wall_segment Stone Wall x2 |
| 54:27 | Escorpion · wall_segment Stone Wall x4 |
| 54:33 | Escorpion · wall_segment Stone Wall x6 |
| 54:36 | Escorpion · wall_segment Stone Wall x1 |
| 54:37 | Escorpion · wall_segment Stone Wall x1 |
| 54:39 | Escorpion · wall_segment Stone Wall x6 |
| 54:54 | L1v109650 · wall_segment Stone Wall x1 |
| 55:41 | Escorpion · wall_segment Stone Wall x14 |
| 55:43 | Mowizzz · wall_segment Stone Wall x1 |
| 56:43 | Escorpion · wall_segment Stone Wall x17 |
| 57:00 | Escorpion · wall_segment Stone Wall x1 |
| 57:28 | Escorpion · wall_segment Stone Wall x11 |
| 58:11 | Escorpion · wall_segment Stone Wall x1 |
| 58:31 | Mowizzz · wall_segment Stone Wall x4 |
| 58:33 | Escorpion · wall_segment Stone Wall x8 |
| 59:01 | Pif_1978 · wall_segment Stone Wall x1 |
| 59:21 | Mowizzz · wall_segment Stone Wall x1 |
| 60:19 | Mowizzz · wall_segment Stone Wall x1 |
| 60:35 | Mowizzz · wall_segment Stone Wall x3 |
| 61:43 | Pif_1978 · first_building Archery Range |
| 61:55 | lasha0707 · wall_segment Stone Wall x7 |
| 61:58 | lasha0707 · wall_segment Stone Wall x12 |
| 62:03 | lasha0707 · wall_segment Stone Wall x6 |
| 62:07 | lasha0707 · wall_segment Stone Wall x18 |
| 62:11 | lasha0707 · wall_segment Stone Wall x13 |
| 62:17 | Mowizzz · wall_segment Stone Wall x4 |
| 63:21 | Bacchus · wall_segment Stone Wall x17 |
| 64:07 | Mowizzz · wall_segment Stone Wall x3 |
| 64:25 | Muffindrake · wall_segment Stone Wall x9 |
| 65:01 | Bacchus · wall_segment Stone Wall x5 |
| 65:24 | Bacchus · first_market_buy 100 stone |
| 65:29 | Bacchus · first_market_sell 100 food |
| 66:06 | L1v109650 · wall_segment Stone Wall x1 |
| 66:52 | Mowizzz · first_building Stable |
| 66:56 | Escorpion · wall_segment Stone Wall x4 |
| 67:05 | Escorpion · wall_segment Stone Wall x4 |
| 69:58 | Escorpion · wall_segment Stone Wall x16 |
| 70:39 | kagerberg · wall_segment Stone Wall x7 |
| 73:19 | Escorpion · wall_segment Stone Wall x11 |
| 73:59 | Muffindrake · wall_segment Stone Wall x9 |
| 74:01 | Muffindrake · wall_segment Stone Wall x10 |
| 75:21 | Escorpion · wall_segment Stone Wall x10 |
| 76:05 | Escorpion · wall_segment Stone Wall x11 |
| 76:49 | Escorpion · wall_segment Stone Wall x15 |
| 77:38 | Muffindrake · wall_segment Stone Wall x11 |
| 77:39 | Muffindrake · wall_segment Stone Wall x1 |
| 77:43 | Muffindrake · wall_segment Stone Wall x1 |
| 77:44 | Muffindrake · wall_segment Stone Wall x1 |
| 77:47 | Muffindrake · wall_segment Stone Wall x6 |
| 83:32 | lasha0707 · wall_segment Stone Wall x9 |
| 83:40 | lasha0707 · wall_segment Stone Wall x8 |
| 83:43 | lasha0707 · wall_segment Stone Wall x15 |
| 83:46 | lasha0707 · wall_segment Stone Wall x6 |
| 84:10 | L1v109650 · wall_segment Stone Wall x1 |
| 84:10 | lasha0707 · wall_segment Stone Wall x1 |
| 84:13 | L1v109650 · wall_segment Stone Wall x1 |
| 84:14 | L1v109650 · wall_segment Stone Wall x1 |
| 84:15 | L1v109650 · wall_segment Stone Wall x1 |
| 85:43 | L1v109650 · wall_segment Stone Wall x5 |
| 86:23 | Muffindrake · wall_segment Stone Wall x1 |
| 86:26 | Muffindrake · wall_segment Stone Wall x1 |
| 87:23 | lasha0707 · wall_segment Stone Wall x1 |
| 91:13 | kagerberg · resign |
| 92:09 | Bacchus · wall_segment Stone Wall x8 |
| 92:27 | L1v109650 · wall_segment Stone Wall x7 |
| 92:29 | L1v109650 · wall_segment Stone Wall x8 |
| 92:31 | L1v109650 · wall_segment Stone Wall x8 |
| 92:35 | L1v109650 · wall_segment Stone Wall x7 |
| 95:44 | lasha0707 · wall_segment Stone Wall x12 |
| 96:20 | L1v109650 · wall_segment Stone Wall x3 |
| 96:22 | L1v109650 · wall_segment Stone Wall x1 |
| 96:23 | L1v109650 · wall_segment Stone Wall x1 |
| 96:24 | L1v109650 · wall_segment Stone Wall x1 |
| 96:25 | L1v109650 · wall_segment Stone Wall x1 |
| 96:26 | L1v109650 · wall_segment Stone Wall x1 |
| 96:32 | L1v109650 · wall_segment Stone Wall x8 |
| 96:47 | lasha0707 · wall_segment Stone Wall x15 |
| 99:24 | Escorpion · wall_segment Stone Wall x6 |
| 99:39 | L1v109650 · wall_segment Stone Wall x6 |
| 106:05 | Escorpion · wall_segment Stone Wall x6 |
| 107:14 | Muffindrake · wall_segment Palisade Wall x1 |
| 107:18 | Muffindrake · wall_segment Palisade Wall x8 |
| 108:44 | Escorpion · wall_segment Stone Wall x11 |
| 110:36 | Bacchus · first_building Archery Range |
| 110:56 | Bacchus · wall_segment Stone Wall x12 |
| 113:06 | Escorpion · wall_segment Stone Wall x7 |
| 113:58 | Bacchus · wall_segment Stone Wall x4 |
| 115:20 | Escorpion · wall_segment Stone Wall x6 |
| 117:47 | Muffindrake · first_market_buy 100 stone |
| 117:52 | Bacchus · wall_segment Stone Wall x1 |
| 118:33 | Muffindrake · first_market_sell 100 wood |
| 123:46 | Escorpion · wall_segment Stone Wall x8 |
| 125:45 | Muffindrake · wall_segment Palisade Wall x12 |
| 126:17 | Escorpion · wall_segment Stone Wall x7 |
| 126:31 | Escorpion · wall_segment Stone Wall x7 |
| 126:40 | Escorpion · wall_segment Stone Wall x6 |
| 127:17 | Escorpion · wall_segment Stone Wall x1 |
| 127:35 | Muffindrake · wall_segment Palisade Wall x13 |
| 127:55 | Escorpion · wall_segment Stone Wall x1 |
| 128:02 | Escorpion · wall_segment Stone Wall x7 |
| 128:06 | Escorpion · wall_segment Stone Wall x6 |
| 148:54 | Mowizzz · wall_segment Stone Wall x5 |
[ AI ANALYSIS · 1 CREDIT ]
What really happened in this match?
Wolo.gg analyzes every decision: build order, eco, micro, common mistakes by bracket. Personalized analysis on WhatsApp or Discord in 30 seconds.
Civ guide
Portuguese
Perfil
Jugador #3569308